 Dungeon Crawl Stone Soup version 0.23-a0-650-ga4d50d4 (webtiles) character file.

109 zishaf the Sneak (level 4, -3/33 HPs)
             Began as a Vampire Assassin on Jan 5, 2019.
             Was a Follower of Uskayaw.
             Slain by a gnoll
             ... wielding a +0 whip
              (4 damage)
             ... on level 2 of the Dungeon.
             The game lasted 00:05:06 (1704 turns).

zishaf the Sneak (Vampire Assassin)                 Turns: 1704, Time: 00:05:07

Health: -3/33      AC:  8    Str: 11    XL:     4   Next: 60%
Magic:  4/4        EV: 10    Int: 13    God:    Uskayaw [*.....]
Gold:   116        SH:  0    Dex: 15    Spells: 3/3 levels left

rFire    . . .     SeeInvis +   a - +2 dagger
rCold    + . .     Gourm    .   (no shield)
rNeg     + + .     Faith    .   t - +1 ring mail {MR+}
rPois    +         Spirit   .   p - +0 helmet
rElec    .         Reflect  .   d - +0 cloak
rCorr    .         Harm     .   (no gloves)
MR       +....                  (no boots)
Stlth    ++++......             (no amulet)
HPRegen  0.05/turn              (no ring)
MPRegen  0.09/turn              (no ring)

@: regenerating slowly, drained
A: fangs 3, see invisible, unbreathing
a: Bat Form, Stomp, Renounce Religion


You were on level 2 of the Dungeon.
You worshipped Uskayaw.
Uskayaw was noncommittal.
You were near bloodless.

You visited 1 branch of the dungeon, and saw 3 of its levels.

You collected 116 gold pieces.

Inventory:

Hand Weapons
 a - a +2 dagger (weapon)
 b - a +0 hunting sling
 w - a +0 blowgun
Missiles
 c - 34 sling bullets
 e - 8 poisoned needles
 f - 2 curare-tipped needles
 k - 86 stones (quivered)
Armour
 d - a +0 cloak (worn)
 p - a +0 helmet (worn)
 t - a +1 ring mail of magic resistance (worn)
Scrolls
 h - a scroll of teleportation {unknown}
 i - 5 scrolls of identify {unknown}
 j - 2 scrolls of random uselessness {unknown}
 m - 2 scrolls of fear {unknown}
 r - 2 scrolls of amnesia {unknown}
 s - a scroll of fog {unknown}
Potions
 g - 2 potions of brilliance {unknown}
 l - a potion of curing {unknown}
 o - a potion of degeneration {unknown}
 q - 17 potions of blood


   Skills:
 - Level 1.7(1.0) Fighting
 + Level 3.1(2.3) Short Blades
 - Level 2.0(1.2) Throwing
 + Level 1.1(0.4) Armour
 + Level 2.3(1.6) Dodging
 + Level 6.6(5.8) Stealth
 + Level 0.9(0.2) Invocations


You had 3 spell levels left.
You didn't know any spells.
Your spell library was empty.

Dungeon Overview and Level Annotations

Branches:
Dungeon (3/15)

Altars:
Kikubaaqudgha
Uskayaw


Innate Abilities, Weirdness & Mutations

You heal slowly.
You have razor-sharp teeth.
You have supernaturally acute eyesight. (SInv)
You can survive without breathing.


Message History

You hit the gnoll.
The gnoll is severely wounded.
The gnoll hits you but does no damage.
You hit the gnoll but do no damage.
The gnoll is severely wounded.
The gnoll hits you but does no damage.
Your ring mail prevents you from hitting the gnoll.
You bite the gnoll, but do no damage.
The gnoll is severely wounded.
You hit the gnoll but do no damage.
The gnoll is severely wounded.
The gnoll hits you with a +0 whip.
* * * LOW HITPOINT WARNING * * *
You hit the gnoll but do no damage.
The gnoll is severely wounded.
The gnoll barely misses you.
You hit the gnoll but do no damage.
The gnoll is severely wounded.
The gnoll hits you with a +0 whip.
You die...

..#######.....##......# #.#..####
#'#.....#.....##......###.#......
........÷.....##.....([...#...._.
.......#########.........##.#....
.........≈≈≈...#..........#......
.......#'###'#<.....)............
#+#...#### #####.[............)).
#.#....#########g.....#.......<..
#.#.....#...#...@.###.#.#........
#...##..#...#.###.###.#.#.#######
###.##..#.....##......#.#.# #.
#.#...#.#.####..#####.#.# #.
#.#..##.........# #.#.# #.
#.#..####.###...#####...#### #.
#.#.....#..................# #.
#.#...#.#%...........).⌠...# #.
#.#.###.########.≈≈≈≈....#.###.


You could see a gnoll.

Vanquished Creatures
  A howler monkey (D:2)
  An adder (D:2)
  An ooze (D:2)
  3 worms (D:2)
  A dart slug (D:1)
  2 leopard geckos
  4 orcs (D:3)
  3 goblins
  4 hobgoblins
  2 ball pythons
  9 bats
  4 frilled lizards
  5 kobolds
  3 rats
43 creatures vanquished.

Notes
Turn   | Place    | Note
-------+----------+-------------------------------------------
     0 | D:1      | zishaf the Vampire Assassin began the quest for the Orb.
     0 | D:1      | Reached XP level 1. HP: 16/16 MP: 1/1
   238 | D:1      | Reached skill level 6 in Stealth
   325 | D:1      | Reached XP level 2. HP: 22/22 MP: 2/2
   669 | D:2      | Found a hide-covered altar of Uskayaw.
   675 | D:2      | Noticed a +0 hand axe
   676 | D:2      | Noticed a +0 dagger
   680 | D:2      | Became a worshipper of Uskayaw the Reveler
   690 | D:1      | Reached * piety under Uskayaw
   725 | D:2      | Reached ** piety under Uskayaw
   803 | D:2      | Reached XP level 3. HP: 27/27 MP: 3/3
   893 | D:2      | Found an ancient bone altar of Kikubaaqudgha.
   920 | D:2      | Reached skill level 1 in Armour
   920 | D:2      | Reached XP level 4. HP: 23/33 MP: 4/4
   920 | D:2      | Reached *** piety under Uskayaw
  1702 | D:2      | HP: 1/33 [gnoll/+0 whip (1)]
  1704 | D:2      | Slain by a gnoll

Vault maps used:
D:1:      scummos_arrival_simple_crosswalls, minivault_25
D:2:      dancing_weapons_uskayaw, kiku_gazebo_pond_becter, first_ration,
          corexii_corridor_pit
D:3:      lemuel_coloured_pillars_altar, tgw_xom

Skill      XL: |  1  2  3 |
---------------+----------+-----
Stealth        | 6 |  6.6
Throwing       | 2 |  2.0
Short Blades   | 3 |  3.1
Armour         | 1 |  1.1
Dodging        | 2 |  2.3
Fighting       | |  1.7
Invocations    | |  0.9

Action                   |  1- 3 |  4- 6 || total
-------------------------+-------+-------++-------
Melee: Dagger            |    63 |    73 ||   136
       Bite              |     5 |     9 ||    14
 Fire: Hunting sling     |    31 |    28 ||    59
 Stab: Sleeping          |     4 |       ||     4
       Paralysed         |       |     1 ||     1
Armor: Ring mail         |    22 |    16 ||    38
Dodge: Dodged            |    40 |    27 ||    67

Table legend:
 A = Non-vault XP
 B = Vault XP
 C = Vault XP percentage of total XP
 D = Non-vault monster count
 E = Vault monster count
 F = Vault count percentage of total count
                 A         B        C        D         E       F
            +---------+---------+-------+---------+---------+-------
      Total |     157 |       0 |   0.0 |      43 |       0 |   0.0
            +---------+---------+-------+---------+---------+-------
        D:1 |      29 |       0 |   0.0 |      17 |       0 |   0.0
        D:2 |     113 |       0 |   0.0 |      19 |       0 |   0.0
        D:3 |      15 |       0 |   0.0 |       7 |       0 |   0.0
            +---------+---------+-------+---------+---------+-------
